 Dungeon Crawl Stone Soup version 0.28.0-53-g5a82cb258f (webtiles) character file.

Game seed: 16023219715517576531

1227 raph the Conjurer (level 8, -3/44 HPs)
             Began as a Tengu Fire Elementalist on July 11, 2022.
             Was a Follower of Sif Muna.
             Slain by Duvessa
             ... wielding a +0 short sword
              (12 damage)
             ... on level 6 of the Dungeon.
             The game lasted 00:11:29 (6612 turns).

raph the Conjurer (Tengu Fire Elementalist)         Turns: 6612, Time: 00:11:30

Health: -3/44      AC:  8    Str:  8    XL:     8   Next: 48%
Magic:  10/14      EV: 16    Int: 17    God:    Sif Muna [*.....]
Gold:   316        SH:  0    Dex: 16    Spells: 2/14 levels left

rFire   . . .      SeeInvis .   e - +2 short sword (elec)
rCold   . . .      Faith    .   (no shield)
rNeg    . . .      Spirit   .   j - +2 robe {Will+}
rPois   .          Reflect  .   (helmet restricted)
rElec   .          Harm     .   d - +0 cloak
rCorr   .          Rampage  .   h - +2 pair of gloves
Will    +....                   (boots unavailable)
Stlth   +++.......              (no amulet)
HPRegen 0.14/turn               (no ring)
MPRegen 0.14/turn               (no ring)

@: flying quickly and evasively, very slightly contaminated, studying Axes,
quick
A: beak, talons 3, nimble flight
a: Renounce Religion, Channel Magic


You were on level 6 of the Dungeon.
You worshipped Sif Muna.
Sif Muna was aware of your devotion.
You visited 2 branches of the dungeon, and saw 7 of its levels.

You collected 316 gold pieces.

Inventory:

Hand Weapons
 c - a +0 vorpal dagger
 e - a +2 short sword of electrocution (weapon)
 f - a +0 whip of electrocution
Missiles
 b - 9 poisoned darts
 m - 2 throwing nets
Armour
 a - a +0 robe
 d - a +0 cloak (worn)
 h - a +2 pair of gloves (worn)
 j - a +2 robe of willpower (worn)
Wands
 g - a wand of digging (1)
Scrolls
 n - a scroll of teleportation
Potions
 i - 5 potions of curing
 k - 2 potions of might
 l - a potion of mutation {unknown}
 o - a potion of flight {unknown}
 p - a potion of berserk rage {unknown}


   Skills:
 + Level 2.1 Fighting
 + Level 4.2 Dodging
 + Level 4.2 Stealth
 + Level 3.6 Spellcasting
 * Level 6.5 Conjurations
 + Level 5.7 Fire Magic
 * Level 4.3 Air Magic


You had 2 spell levels left.
You knew the following spells:

 Your Spells              Type           Power      Damage    Failure   Level
a - Foxfire               Conj/Fire      96%        2x1d8     1%          1
b - Scorch                Fire           44%        2d7       2%          2
c - Flame Wave            Conj/Fire      24%        2d7       13%         4
d - Shock                 Conj/Air       84%        1d8       1%          1
e - Airstrike             Air            8%         N/A       28%         4

Your spell library contained the following spells:

 Spells                   Type           Power      Damage    Failure   Level
 Sandblast                Erth           6%         2d5       16%         1
 Passwall                 Tmut/Erth      2%         N/A       24%         2
 Conjure Flame            Conj/Fire      24%        6-21      4%          3
 Swiftness                Air            17%        N/A       9%          3
 Stone Arrow              Conj/Erth      28%        3d8       13%         3
 Sticky Flame             Conj/Fire      24%        2d5       13%         4
 Inner Flame              Hex/Fire       12%        N/A       16%         3
 Fireball                 Conj/Fire      12%        3d7       36%         5
 Hailstorm                Conj/Ice       14%        3d5       38%         4
 Ozocubu's Armour         Ice            3%         N/A       43%         3
 Lightning Bolt           Conj/Air       10%        1d23      45%         5
 Ice Form                 Ice/Tmut       3%         N/A       85%         4
 Summon Ice Beast         Ice/Summ       3%         N/A       85%         4
 Eringya's Noxious Bog    Tmut/Pois      1%         N/A       100%        6
 Simulacrum               Ice/Necr       1%         N/A       100%        6
 Maxwell's Capacitive Co  Air            8%         ∞         100%        8
 Polar Vortex             Ice            1%         N/A       100%        9


Dungeon Overview and Level Annotations

Branches:
Dungeon (6/15)             Temple (1/1) D:4

Altars:
Ashenzari
Dithmenos
Fedhas
Hepliaklqana
Makhleb
Nemelex Xobeh
Okawaru
Qazlal
Ru
Sif Muna
Uskayaw
Vehumet
Xom
Yredelemnul
The Shining One

Shops:
D:4 (

Annotations:
D:3 Sigmund
D:6 Duvessa


Innate Abilities, Weirdness & Mutations

You have a beak for a mouth.
You have claws for feet.
Your magical nature lets you fly swiftly and evasively.


Message History

You start resting.
Magic restored.
Things that are here:
a +0 dagger; a +0 robe Duvessa shouts!
Duvessa goes berserk!
You hear an angry hiss.
Duvessa is nearby!
Things that are here:
a +0 dagger; a +0 robe
Okay, then.
Duvessa rages.
Casting: Scorch (safe; 2% risk of failure)
Confirm with . or Enter, or press ? or * to list all spells.
Okay, then.
Casting: Scorch (safe; 2% risk of failure)
Confirm with . or Enter, or press ? or * to list all spells.
You can't see any susceptible monsters within range! (Use Z to cast anyway.)
You hear a shout!
Casting: Scorch (safe; 2% risk of failure)
Confirm with . or Enter, or press ? or * to list all spells.
Flames lash Duvessa but do no damage.
You hear an angry hiss.
Casting: Scorch (safe; 2% risk of failure)
Confirm with . or Enter, or press ? or * to list all spells.
You miscast Scorch.
You are very lightly contaminated with residual magic.
Nothing appears to happen.
Duvessa hits you with a +0 short sword!
Casting: Scorch (safe; 2% risk of failure)
Confirm with . or Enter, or press ? or * to list all spells.
You conjure some foxfire!
Duvessa barely misses you.
Your foxfire dissipates!
Duvessa hits you with a +0 short sword!
Aiming: Dig
Press: ? - help, Shift-Dir - straight line A rock wall.
The rock shatters into small pieces.
Duvessa hits you with a +0 short sword!
* * * LOW HITPOINT WARNING * * *
Duvessa hits you with a +0 short sword!
You die...

#.#.......#
#.#.......#
#.#..[≈...###
#.+..≈≈≈..+.#
#.#...≈...#.#
#.#.......#.#
##.#.......#.#
#####..####'##.#.#
##.....#.....###@.#
#..#####......##e##
#.## #...##....#
#.# #...###.### #.#
##### #.# #.# #.#
..# #.# <.## #.##
)..# #..##


You could see Duvessa (berserk).

Vanquished Creatures
  Menkaure (D:4)
  An ogre (D:5)
  A centaur (D:6)
  Blork the orc (D:4)
  2 scorpions (D:5)
  A wyvern skeleton (D:6)
  Dowan (D:6)
  4 killer bees
  2 hounds (D:5)
  An orc priest (D:4)
  3 iguanas
  6 orc wizards
  A hound skeleton (D:4)
  A howler monkey zombie (D:5)
  2 adders
  5 ufetubi
  4 dart slugs
  10 orcs
  4 endoplasms
  A giant cockroach (D:3)
  7 goblins
  7 hobgoblins
  3 jackals
  A quokka (D:1)
  10 ball pythons
  3 bats
  4 frilled lizards (D:1)
  7 kobolds
  7 rats
101 creatures vanquished.

Vanquished Creatures (others)
  378 foxfires
378 creatures vanquished.

Grand Total: 479 creatures vanquished

Notes
Turn   | Place    | Note
-------+----------+-------------------------------------------
     0 | D:1      | raph the Tengu Fire Elementalist began the quest for the
                  | Orb.
     0 | D:1      | Reached XP level 1. HP: 10/10 MP: 4/4
   348 | D:1      | Reached XP level 2. HP: 15/15 MP: 3/6
   353 | D:1      | Learned a level 2 spell: Scorch
   725 | D:1      | Found a faded altar of an unknown god.
   736 | D:1      | Reached skill level 2 in Conjurations
  1028 | D:1      | Reached XP level 3. HP: 19/19 MP: 3/7
  2446 | D:2      | Reached skill level 3 in Conjurations
  2446 | D:2      | Reached XP level 4. HP: 7/24 MP: 1/8
  2658 | D:2      | Learned a level 4 spell: Flame Wave
  2858 | D:3      | Got the Volume of Flying Transformation
  3074 | D:3      | Found a burning altar of Makhleb.
  3606 | D:3      | Noticed Sigmund
  3689 | D:4      | Noticed Menkaure
  3700 | D:4      | Killed Menkaure
  3701 | D:4      | Reached skill level 4 in Conjurations
  3701 | D:4      | Gained mutation: Your magical nature lets you fly swiftly
                  | and evasively. [Tengu growth]
  3701 | D:4      | Reached XP level 5. HP: 28/28 MP: 1/10
  3701 | D:4      | Reached XP level 6. HP: 32/32 MP: 1/11
  3847 | D:4      | Found a staircase to the Ecumenical Temple.
  3861 | Temple   | Entered the Ecumenical Temple
  3926 | Temple   | Became a worshipper of Sif Muna the Loreminder
  3979 | D:4      | Noticed Blork the orc
  3994 | D:4      | Killed Blork the orc
  3995 | D:4      | Reached skill level 5 in Fire Magic
  4083 | D:4      | Found Daru's Antique Weapon Boutique.
  4094 | D:4      | Learned a level 1 spell: Shock
  4352 | D:4      | Reached skill level 1 in Air Magic
  4393 | D:4      | Reached XP level 7. HP: 37/37 MP: 3/12
  4396 | D:4      | Found an iron altar of Okawaru.
  4666 | D:5      | Entered Level 5 of the Dungeon
  4675 | D:5      | Reached skill level 5 in Conjurations
  4735 | D:5      | Reached skill level 1 in Fighting
  4832 | D:5      | Reached * piety under Sif Muna
  5181 | D:4      | Learned a level 4 spell: Airstrike
  5189 | D:5      | Reached XP level 8. HP: 43/43 MP: 7/14
  5564 | D:5      | Reached skill level 6 in Conjurations
  6510 | D:6      | Identified a scroll of acquirement
  6510 | D:6      | Acquired the Reference Book on Ignition and Cold
  6537 | D:6      | Noticed Dowan
  6539 | D:6      | Noticed Duvessa
  6550 | D:6      | Killed Dowan
  6612 | D:6      | Slain by Duvessa

Illustrated notes

Levels and vault maps discovered:
D:1:      nzn_arrival_depleted_hourglass, layout_basic,
          ebering_ecumenical_altar_rust
D:2:      layout_rooms, minmay_puff
D:3:      layout_basic, lemuel_round_altar, uniq_crazy_yiuf_cottage,
          uniq_sigmund
D:4:      layout_rooms, okawaru_metal_pillars_1_2, temple_green, serial_shops,
          shop, uniq_blork_the_orc, uniq_menkaure
D:5:      layout_cave_pools, saegor_snake_ambush
D:6:      layout_rooms, amcnicky_altar_gilded, kennysheep_generic_room_8,
          uniq_duvessa
Temple:   cyrus_circular_temple

Skill      XL: |  1  2  3  4  5  6  7  8 |
---------------+-------------------------+-----
Conjurations   | 2 3 4 5 6 |  6.5
Fire Magic     | 4 5 |  5.7
Dodging        | 3 4 |  4.2
Stealth        | 3 4 |  4.2
Air Magic      | 1 3 4 |  4.3
Spellcasting   | 3 |  3.6
Fighting       | 1 2 |  2.1

Action                   |  1- 3 |  4- 6 |  7- 9 || total
-------------------------+-------+-------+-------++-------
Melee: Dagger            |     2 |       |       ||     2
       Kick              |     4 |       |     2 ||     6
       Whip              |     6 |     4 |       ||    10
       Peck              |     1 |     1 |     1 ||     3
       Short sword       |       |     2 |     6 ||     8
 Cast: Foxfire           |    72 |    69 |    87 ||   228
       Scorch            |     4 |     8 |     6 ||    18
Evoke: Wand              |       |       |     1 ||     1
  Use: Scroll            |       |     7 |     3 ||    10
       Potion            |       |       |     3 ||     3
 Stab: Sleeping          |       |     1 |     1 ||     2
Armor: Robe              |     7 |     8 |    17 ||    32
Dodge: Dodged            |    19 |    13 |    89 ||   121
